 Dungeon Crawl Stone Soup version 0.30-a0-159-g068b764562 (webtiles) character file.

Game seed: 10988412733952632788

40 funkygono the Firebug (level 3, -2/19 HPs)
             Began as a Gargoyle Fire Elementalist on Sept 27, 2022.
             Slain by an orc priest
             ... wielding a +0 flail
              (7 damage)
             ... on level 2 of the Dungeon.
             The game lasted 00:02:06 (2079 turns).

funkygono the Firebug (Gargoyle Fire Elementalist)  Turns: 2079, Time: 00:02:07

Health: -2/19      AC:  5    Str: 11    XL:     3   Next: 50%
Magic:  6/6        EV: 12    Int: 17    God:
Gold:   79         SH:  0    Dex: 10    Spells: 0/6 levels left

rFire   . . .      SeeInvis .    e - +0 club
rCold   . . .      Faith    .    (no shield)
rNeg    + . .      Spirit   .    a - +0 robe
rPois   ∞          Reflect  .    (no helmet)
rElec   +          Harm     .    (no cloak)
rCorr   .          Rampage  .    (no gloves)
Will    .....                    (no boots)
Stlth   ++........               (no amulet)
HPRegen 0.06/turn                (no ring)
MPRegen 0.10/turn                (no ring)

@: no status effects
A: sickness immunity, AC +3, negative energy resistance 1, electricity
resistance, torment resistance 1, petrification resistance
a: no special abilities


You were on level 2 of the Dungeon.
You visited 1 branch of the dungeon, and saw 2 of its levels.

You collected 79 gold pieces.

Inventory:

Hand Weapons
 d - a +0 dagger of venom
 e - a +0 club (weapon)
Armour
 a - a +0 robe (worn)
Scrolls
 c - a scroll of blinking {unknown}
 f - a scroll of immolation {unknown}
 h - a scroll of noise {unknown}
Potions
 g - a potion of brilliance {unknown}
 i - a potion of curing {unknown}


   Skills:
 + Level 0.1 Fighting
 + Level 1.9 Dodging
 - Level 2.1 Stealth
 + Level 2.4 Spellcasting
 + Level 1.7 Conjurations
 + Level 3.6 Fire Magic


You couldn't memorise any spells.
You knew the following spells:

 Your Spells              Type           Power      Damage    Failure   Level
a - Foxfire               Conj/Fire      44%        2x1d6     6%          1
b - Scorch                Fire           28%        2d6       6%          2
c - Kindle Blastsparks    Fire/Tloc/Air  12%        2d11      34%         3

Your spell library contained the following spells:

 Spells                   Type           Power      Damage    Failure   Level
 Inner Flame              Hex/Fire       8%         N/A       26%         3
 Flame Wave               Conj/Fire      11%        2d6       52%         4


Dungeon Overview and Level Annotations

Branches:
Dungeon (2/15)

Altars:


Innate Abilities, Weirdness & Mutations

You are immune to sickness and miasma.
Your stone body is resilient. (AC +3)
You are immune to poison.
You resist negative energy. (rN+)
You are resistant to electric shocks. (rElec)
You are resistant to unholy torment.
You are immune to petrification.


Message History

There is a stone staircase leading up here.
Casting: Scorch (safe; 6% risk of failure)
Confirm with . or Enter, or press ? or * to list all spells.
You conjure some foxfire!
Casting: Foxfire (safe; 6% risk of failure)
Confirm with . or Enter, or press ? or * to list all spells.
Flames lash the orc priest but do no damage.
The foxfire hits the orc priest.
The orc priest is moderately wounded.
The foxfire hits the orc priest but does no damage.
The orc priest is moderately wounded.
The orc priest mumbles some strange prayers to Beogh against you.
Beogh smites you!
Ouch! That really hurt!
Casting: Scorch (safe; 6% risk of failure)
Confirm with . or Enter, or press ? or * to list all spells.
You conjure some foxfire!
Casting: Foxfire (safe; 6% risk of failure)
Confirm with . or Enter, or press ? or * to list all spells.
Flames lash the orc priest.
The orc priest is moderately wounded.
The orc priest's fire resistance burns away.
The foxfire hits the orc priest but does no damage.
The orc priest is moderately wounded.
The foxfire hits the orc priest but does no damage.
The orc priest is moderately wounded.
You hit the orc priest but do no damage.
The orc priest is moderately wounded.
The orc priest hits you with a +0 flail.
You closely miss the orc priest.
The orc priest is moderately wounded.
The orc priest is no longer more vulnerable to fire.
The orc priest hits you with a +0 flail.
* * * LOW HITPOINT WARNING * * *
The orc wizard casts a spell.
The orc wizard flickers and vanishes!
Deactivating autopickup; reactivate with Ctrl-A.
Magic courses through your body.
The orc priest hits you with a +0 flail!
You die...

#........#.## #.###..>......
##......##.# #........##.##
##..#..##.## #####.#####...
#..#......# #.# #### #..##.##..#
#.# ##..##.##..###.# #.#
##...##.o.......# #####.#####
#.....)).{..########.........#
.......##.#....o@..#.###.#...#
........#_##...#.#.#.##...#..#
.........##................#...
........####.....#.#.#.......###
.......## #..#.##.#.........#
#.....## #.......####...####
##...## ####.#### ##.## #.# #.#
#.# .#


You could see an orc priest.

Vanquished Creatures
  2 orcs (D:2)
  2 bats (D:1)
  6 endoplasms
  2 giant cockroaches (D:1)
  2 goblins (D:1)
  5 hobgoblins (D:1)
  A kobold (D:1)
  2 quokkas
  3 ball pythons (D:1)
  4 frilled lizards
  4 rats (D:1)
33 creatures vanquished.

Vanquished Creatures (others)
  104 foxfires
104 creatures vanquished.

Grand Total: 137 creatures vanquished

Notes
Turn   | Place    | Note
-------+----------+-------------------------------------------
     0 | D:1      | funkygono the Gargoyle Fire Elementalist began the quest
                  | for the Orb.
     0 | D:1      | Reached XP level 1. HP: 10/10 MP: 3/3
   365 | D:1      | Reached XP level 2. HP: 15/15 MP: 0/5
   368 | D:1      | Learned a level 2 spell: Scorch
  1189 | D:1      | Reached XP level 3. HP: 19/19 MP: 3/6
  1196 | D:1      | Learned a level 3 spell: Kindle Blastsparks
  1651 | D:2      | Found a faded altar of an unknown god.
  2079 | D:2      | Slain by an orc priest

Illustrated notes

Levels and vault maps discovered:
D:1:      sevenhm_arrival_forest_fort_small_3, layout_loops_corners,
          minmay_tromino_v2
D:2:      kennysheep_big_flooded_room, layout_loops_corners,
          ebering_ecumenical_altar_rust, minmay_fractal_squares_gapless_5

Action                   || total
-------------------------++-------
Melee: Short sword       ||     1
       Club              ||    18
 Cast: Foxfire           ||    65
       Scorch            ||     5
  Use: Potion            ||     1
Armor: Robe              ||     8
Dodge: Dodged            ||    27

Table legend: (Time is in decaauts)
 A = Elapsed time spent in this place.
 B = Non-inter-level travel time spent in this place.
 C = Inter-level travel time spent in this place.
 D = Time resting spent in this place.
 E = Time spent auto-exploring this place.
 F = Levels seen in this place.
 G = Mean time per level.
                   A        B        C        D        E       F      G
               +--------+--------+--------+--------+--------+-----+--------+
         Total |   2085 |   2063 |     22 |    300 |   1498 |   2 | 1042.5 |
       Dungeon |   2085 |   2063 |     22 |    300 |   1498 |   2 | 1042.5 |
               +--------+--------+--------+--------+--------+-----+--------+

Top non-repeatable levels by time:
     D:1: 1778 daAuts
     D:2: 306 daAuts
